cohdb
Replays
Latest Replays
All Replays
Popular Replays
Top Player Replays
Match Explorer
How It Works
Community
CoH3 Stats
Reddit
Sign in to upload your games and track your stats! →
Sign in with Steam
Match 41849474
Unlisted
Match 41849474
Overview
Messages
Build Orders
End
Kradschützen Motorcycle Team
Panzergrenadier Squad
250 Light Carrier
Construct Light Support Kompanie
Assault Grenadier Squad
Fire Support Elements
MG34 Team
le.IG 18 Mechanized Group
Pak 38 Anti-tank Gun Team
Construct Mechanized Kompanie
StuG III D Assault Gun
2.5-tonne Medical Truck
Selects Italian Infantry
Selects Italian Infantry
Selects Italian Infantry
Selects Guastatori Squad
Selects Defensive Operations
StuG III D Assault Gun
Selects L6/40 Light Tank Combat Group
Selects Towed Cannone da 105/28 Field Howitzer
8 Rad Armored Car
254 Reconnaissance Tractor
Marder III Tank Destroyer
Selects Prepared Positions
Pak 38 Mechanized Group
Pak 38 Anti-tank Gun Team
Brother
samablitt
0
0
Comments
sign in to comment!
No comments posted yet!